 Dungeon Crawl Stone Soup version 0.31.0-9-g3a7656b989 (webtiles) character file.

Game seed: 17608327400692734509

1316 qw the Skirmisher (level 8, 0/46 HPs)
             Began as a Deep Elf Hunter on Feb 2, 2024.
             Incinerated by a bombardier beetle (4 damage)
             ... with a burning spray
             ... on level 6 of the Dungeon.
             The game lasted 00:00:24 (4078 turns).

qw the Skirmisher (Deep Elf Hunter)                 Turns: 4078, Time: 00:00:25

Health: 0/46       AC: 14    Str: 10    XL:     8   Next: 33%
Magic:  10/10      EV: 12    Int: 15    God:
Gold:   204        SH:  0    Dex: 21    Spells: 7/7 levels left

rFire   . . .        a - +1 shortbow
rCold   . . .        (shield currently unavailable)
rNeg    . . .        n - +0 ring mail
rPois   .            (no helmet)
rElec   .            l - +1 cloak
rCorr   .            d - +2 pair of gloves {Dex+3}
SInv    .            (no boots)
Will    .....        h - amulet of regeneration
Stlth   +            i - +4 ring of protection
HPRegen 1.07/turn    (no ring)
MPRegen 0.12/turn

%: no passive effects
@: on fire, glowing
A: no striking features
a: no special abilities


You were on level 6 of the Dungeon.
You visited 1 branch of the dungeon, and saw 6 of its levels.

You collected 276 gold pieces.
You spent 72 gold pieces at shops.


   Skills:
 - Level 3.1 Fighting
 + Level 12.7 Ranged Weapons
 - Level 1.0 Armour
 - Level 4.2 Dodging
 - Level 1.2 Stealth


You had 7 spell levels left.
You didn't know any spells.
Your spell library was empty.

Inventory:

Hand Weapons
 a - a +1 shortbow (weapon)
Armour
 d - a +2 pair of gloves of dexterity (worn)
 l - a +1 cloak (worn)
 n - a +0 ring mail (worn)
Jewellery
 h - an amulet of regeneration (around neck)
 i - a +4 ring of protection (left hand)
Wands
 b - a wand of acid (18)
 c - a wand of mindburst (10)
 m - a wand of roots (10)
 p - a wand of flame (28)
Scrolls
 e - 3 scrolls of teleportation
Potions
 f - 2 potions of enlightenment
 g - 8 potions of curing
 j - a potion of resistance
 k - 2 potions of heal wounds
 o - a potion of lignification {unknown}
 q - a potion of cancellation {unknown}

Dungeon Overview and Level Annotations

Branches:
Dungeon (6/15)
 Temple: D:4-7

Altars:
Elyvilon
Nemelex Xobeh
Qazlal
Ru
Vehumet
Zin

Shops:
D:3 !

Annotations:
D:6 3 runed translucent doors, qw's ghost, novice GrHu


Message History

You shoot an arrow.
The arrow hits the bombardier beetle but does no damage.
The bombardier beetle is severely wounded.
The liquid fire burns you!
You shoot an arrow. The arrow hits the bombardier beetle.
The bombardier beetle is severely wounded.
The liquid fire burns you!
You shoot an arrow.
The arrow barely misses the bombardier beetle.
The liquid fire burns you!
The bombardier beetle barely misses you.
You shoot an arrow. The arrow hits the bombardier beetle.
The bombardier beetle is almost dead.
The liquid fire burns you!
The bombardier beetle bites you but does no damage.
You shoot an arrow.
The arrow barely misses the bombardier beetle.
The liquid fire burns you!
You shoot an arrow. The arrow hits the bombardier beetle!
You kill the bombardier beetle!
The liquid fire burns you!
You are on fire!
The liquid fire burns you!
You are on fire!
The liquid fire burns you!
You are on fire!
The liquid fire burns you!
You are on fire!
The liquid fire burns you!
You are on fire!
The liquid fire burns you!
You are on fire!
The liquid fire burns you!
You are on fire!
The liquid fire burns you!
You are on fire!
The liquid fire burns you!
You are on fire!
The liquid fire burns you!
You die...

..................>#
##################.#
## #.# .. #.# #. #.#
#. #.######.# #.
#........#
#%##.########
#.@..)# ####..# #
#..# #. ####..#
##.####.....#
#....<#.##.##
#.....#.##.# #
#.###.#.##.# # #
#.#.##.#


There were no monsters in sight!

Vanquished Creatures
  Eustachio (D:4)
  A water moccasin (D:6)
  A black bear (D:6)
  2 ogres
  2 centaurs
  A scorpion (D:5)
  2 bombardier beetles (D:6)
  3 hounds
  A jelly (D:4)
  An orc priest (D:3)
  6 iguanas
  Ijyb (D:5)
  2 orc wizards
  A statue (D:4)
  5 adders
  3 ribbon worms (D:2)
  2 dart slugs (D:1)
  14 orcs
  11 ball pythons
  5 endoplasms
  7 giant cockroaches
  8 goblins
  A hobgoblin (D:3)
  3 jackals (D:5)
  6 kobolds
  A quokka (D:4)
  12 bats
  A frilled lizard (D:2)
  7 rats
111 creatures vanquished.

Notes
Turn   | Place    | Note
-------+----------+-------------------------------------------
     0 | D:1      | qw the Deep Elf Hunter began the quest for the Orb.
     0 | D:1      | Reached XP level 1. HP: 12/12 MP: 3/3
     0 | D:1      | 0 ||| qw: Version: 0.3-a-155-g5e7d8dd
     0 | D:1      | 0 ||| qw: Game counter: 2077
     0 | D:1      | 0 ||| qw: Melee chars always use a shield: true
     0 | D:1      | 0 ||| qw: God list: Okawaru
     0 | D:1      | 0 ||| qw: Allow faded altars: false
     0 | D:1      | 0 ||| qw: Do Orc after clearing Dungeon:15 true
     0 | D:1      | 0 ||| qw: Do second Lair branch before Depths: true
     0 | D:1      | 0 ||| qw: Lair rune preference: random
     0 | D:1      | 0 ||| qw: Goals: Normal
     0 | D:1      | 0 ||| PLANNING D:1-11
   205 | D:1      | Reached skill level 6 in Ranged Weapons
   205 | D:1      | Reached XP level 2. HP: 16/16 MP: 4/4
   612 | D:1      | Reached XP level 3. HP: 20/20 MP: 5/5
   691 | D:1      | 691 ||| UPGRADING to +2 pair of gloves of dexterity.
   696 | D:1      | 696 ||| UPGRADING to +4 ring of protection.
   697 | D:1      | 697 ||| READING 3 scrolls labelled WIAKHO OQIZU.
   700 | D:1      | 700 ||| READING 2 scrolls labelled HOYSIESUHE.
   700 | D:1      | 700 ||| IDENTIFYING bubbling emerald potion
   701 | D:1      | 701 ||| READING scroll of identify.
   701 | D:1      | 701 ||| IDENTIFYING sedimented emerald potion
   702 | D:1      | 702 ||| DRINKING 3 fuming purple potions.
   703 | D:1      | 703 ||| DROPPING scroll of butterflies.
   704 | D:1      | 704 ||| DROPPING potion of ambrosia.
   829 | D:2      | Found a sparkling altar of Nemelex Xobeh.
   841 | D:2      | You fall into a shaft and drop 2 floors!
   842 | D:4      | Noticed Eustachio
   843 | D:4      | 843 ||| ZAPPING wand of acid (12) at -1,-3 (Eustachio;
                  | floor).
   844 | D:4      | 844 ||| RETREEEEATING.
   845 | D:4      | 845 ||| FLEEEEING.
   846 | D:4      | 846 ||| FLEEEEING.
   847 | D:4      | 847 ||| FLEEEEING.
   848 | D:4      | 848 ||| FLEEEEING.
   849 | D:4      | 849 ||| READING scroll of identify.
   849 | D:4      | 849 ||| IDENTIFYING inky potion
   850 | D:4      | 850 ||| FLEEEEING.
   851 | D:4      | 851 ||| FLEEEEING.
   852 | D:4      | 852 ||| FLEEEEING.
   853 | D:4      | 853 ||| STAIRDANCE
   874 | D:3      | Reached skill level 7 in Ranged Weapons
   926 | D:3      | 926 ||| READING scroll labelled PEPHOKK GAHYA.
  1091 | D:2      | Found a faded altar of an unknown god.
  1135 | D:2      | Reached skill level 3 in Dodging
  1270 | D:2      | Reached XP level 4. HP: 25/25 MP: 6/6
  1554 | D:2      | 1554 ||| UPGRADING to +0 cloak.
  1559 | D:2      | 1559 ||| UPGRADING to amulet of regeneration.
  1564 | D:2      | 1564 ||| READING scroll labelled GEYM UPLYCIO.
  1566 | D:2      | 1566 ||| Stepping ~*~*~tactically~*~*~ (cloud).
  1801 | D:3      | Reached skill level 8 in Ranged Weapons
  1801 | D:3      | Reached XP level 5. HP: 24/29 MP: 7/7
  1808 | D:3      | Found Usuebud's Distillery.
  1818 | D:3      | 1818 ||| SHOPLISTING 2 potions of enlightenment (120 gold,
                  | have 99).
  1818 | D:3      | 1818 ||| SHOPLISTING 2 potions of heal wounds (120 gold,
                  | have 99).
  1818 | D:3      | 1818 ||| BUYING potion of curing (36 gold).
  1818 | D:3      | Bought a potion of curing for 36 gold pieces
  1818 | D:3      | 1818 ||| BUYING potion of curing (36 gold).
  1818 | D:3      | Bought a potion of curing for 36 gold pieces
  1818 | D:3      | 1818 ||| SHOPLISTING potion of curing (36 gold, have 27).
  1818 | D:3      | 1818 ||| SHOPLISTING potion of heal wounds (60 gold, have
                  | 27).
  2151 | D:3      | 2151 ||| UPGRADING to +0 ring mail.
  2161 | D:3      | 2161 ||| DROPPING +0 leather armour.
  2162 | D:3      | 2162 ||| READING scroll labelled CUSMIONUPS.
  2162 | D:3      | 2162 ||| ENCHANTING +0 shortbow.
  2163 | D:3      | 2163 ||| READING scroll labelled RAORPH LIUM.
  2264 | D:3      | 2264 ||| DRINKING 2 sedimented brown potions.
  2319 | D:4      | 2319 ||| RETREEEEATING.
  2320 | D:4      | 2320 ||| RETREEEEATING.
  2321 | D:4      | 2321 ||| RETREEEEATING.
  2322 | D:4      | 2322 ||| RETREEEEATING.
  2323 | D:4      | 2323 ||| RETREEEEATING.
  2324 | D:4      | 2324 ||| ZAPPING wand of acid (11) at 1,2 (Eustachio;
                  | floor).
  2325 | D:4      | 2325 ||| RETREEEEATING.
  2326 | D:4      | 2326 ||| RETREEEEATING.
  2327 | D:4      | 2327 ||| RETREEEEATING.
  2328 | D:4      | 2328 ||| RETREEEEATING.
  2329 | D:4      | 2329 ||| RETREEEEATING.
  2330 | D:4      | 2330 ||| RETREEEEATING.
  2331 | D:4      | 2331 ||| RETREEEEATING.
  2332 | D:4      | 2332 ||| RETREEEEATING.
  2333 | D:4      | 2333 ||| ZAPPING wand of acid (10) at 4,-3 (Eustachio;
                  | floor).
  2335 | D:4      | 2335 ||| ZAPPING wand of acid (9) at 3,-1 (Eustachio;
                  | floor).
  2336 | D:4      | 2336 ||| ZAPPING wand of acid (8) at 3,-1 (Eustachio;
                  | floor).
  2337 | D:4      | 2337 ||| ZAPPING wand of acid (7) at 2,0 (Eustachio;
                  | floor).
  2337 | D:4      | Killed Eustachio
  2338 | D:4      | Reached skill level 9 in Ranged Weapons
  2338 | D:4      | Reached XP level 6. HP: 34/34 MP: 8/8
  2471 | D:4      | Reached skill level 1 in Armour
  2595 | D:4      | Found a radiant altar of Vehumet.
  2848 | D:4      | 2848 ||| READING scroll of identify.
  2848 | D:4      | 2848 ||| IDENTIFYING golden potion
  2849 | D:4      | 2849 ||| READING scroll labelled JAFFACU RISIN.
  2849 | D:4      | 2849 ||| ENCHANTING +0 cloak.
  2850 | D:4      | 2850 ||| DROPPING potion of attraction.
  2859 | D:5      | Entered Level 5 of the Dungeon
  2876 | D:5      | Reached skill level 10 in Ranged Weapons
  2950 | D:5      | Reached XP level 7. HP: 38/40 MP: 9/9
  2962 | D:5      | Reached skill level 11 in Ranged Weapons
  3144 | D:5      | 3144 ||| DRINKING 8 potions of curing.
  3144 | D:5      | 3144 ||| (to cure confusion)
  3164 | D:5      | 3164 ||| READING scroll labelled UROEHO ACUSUR.
  3283 | D:5      | Noticed Ijyb
  3290 | D:5      | Killed Ijyb
  3459 | D:5      | Found a glowing silver altar of Zin.
  3460 | D:5      | Found a white marble altar of Elyvilon.
  3461 | D:5      | Found a stormy altar of Qazlal.
  3462 | D:5      | Found a sacrificial altar of Ru.
  3717 | D:5      | 3717 ||| READING scroll labelled ANTU BUXZUM.
  3789 | D:6      | Reached skill level 12 in Ranged Weapons
  3818 | D:6      | Reached XP level 8. HP: 44/44 MP: 10/10
  3911 | D:6      | Found a runed translucent gate.
  3911 | D:6      | Found a runed translucent gate.
  3911 | D:6      | Found a runed translucent gate.
  3911 | D:6      | Noticed qw's ghost (novice GrHu)
  3931 | D:6      | Reached skill level 3 in Fighting
  4074 | D:6      | HP: 10/46 [burnt (5)]
  4076 | D:6      | HP: 4/46 [burnt (4)]
  4078 | D:6      | Incinerated by a bombardier beetle

Levels and vault maps discovered:
D:1:      pf_arrival_petrified_forest, layout_loops_cross
D:2:      layout_loops_cross, nicolae_ecumenical_lake_church, basic_altar
D:3:      layout_basic, serial_shops, nicolae_shop_industrial_runoff
D:4:      layout_gridville, vehumet_statue, uniq_eustachio
D:5:      layout_loops_ring, mainiacjoe_overflow_alcove_3,
          kennysheep_generic_room_16, uniq_ijyb
D:6:      layout_basic, gammafunk_ghost_split

Skill      XL: |  1  2  3  4  5  6  7  8 |
---------------+-------------------------+-----
Ranged Weapons | 6 7 8 9 10 12 | 12.7
Dodging        | 3 4 |  4.2
Fighting       | 2 3 |  3.1
Armour         | 1 |  1.0
Stealth        | |  1.2

Action                     |  1- 3 |  4- 6 |  7- 9 || total
---------------------------+-------+-------+-------++-------
   Fire: Shortbow          |   124 |   142 |   116 ||   382
  Evoke: Wand              |     1 |     5 |       ||     6
    Use: Scroll            |     5 |     5 |     2 ||    12
         Potion            |     1 |     1 |     1 ||     3
 Armour: Leather armour    |    23 |    10 |       ||    33
         Ring mail         |       |    34 |    43 ||    77
  Dodge: Dodged            |    29 |    50 |    25 ||   104

Table legend:
 A = Non-vault XP
 B = Vault XP
 C = Vault XP percentage of total XP
 D = Non-vault monster count
 E = Vault monster count
 F = Vault count percentage of total count
                 A         B        C        D         E       F
            +---------+---------+-------+---------+---------+-------
      Total |    1615 |     265 |  14.1 |     106 |       5 |   4.5
            +---------+---------+-------+---------+---------+-------
        D:1 |      41 |       0 |   0.0 |      23 |       0 |   0.0
        D:2 |      55 |       0 |   0.0 |      23 |       0 |   0.0
        D:3 |     154 |       0 |   0.0 |      22 |       0 |   0.0
        D:4 |     106 |     214 |  66.9 |      14 |       2 |  12.5
        D:5 |     530 |      51 |   8.8 |      14 |       3 |  17.6
        D:6 |     729 |       0 |   0.0 |      10 |       0 |   0.0
            +---------+---------+-------+---------+---------+-------
